 Dungeon Crawl Stone Soup version 0.26.0-16-gc1dbca0489 (console) character file.

Game seed: 13313614876570070507

177224 jejorda2 the Executioner (level 18, -9/159 HPs)
             Began as a Hill Orc Berserker on Jan 17, 2021.
             Was the Champion of Trog.
             Killed from afar by a deep elf annihilator (15 damage)
             ... with a bolt of lightning
             ... on level 3 of the Elven Halls.
             The game lasted 01:15:40 (34314 turns).

jejorda2 the Executioner (Hill Orc Berserker)      Turns: 34314, Time: 01:15:41

Health: -9/159     AC: 28    Str: 27    XL:     18   Next: 16%
Magic:  6/6        EV: 18    Int:  7    God:    Trog [******]
Gold:   3248       SH:  0    Dex: 11    Spells: 17/17 levels left

rFire    + . .     SeeInvis .   a - +6 executioner's axe (antimagic)
rCold    + . .     Faith    +   (shield currently unavailable)
rNeg     . . .     Spirit   .   R - quicksilver dragon scales
rPois    +         Reflect  .   E - +2 helmet
rElec    .         Harm     .   D - +2 cloak {Will+}
rCorr    .         Rampage  .   y - +2 pair of gloves
Will     +++..                  m - +2 pair of boots
Stlth    +.........             P - amulet of faith
HPRegen  0.36/turn              u - ring of Umar {rF+ rC+}
MPRegen  0.10/turn              G - ring of poison resistance

@: lethally poisoned (-9 -> -16), berserk cooldown, slowed, very slow
A: no striking features
a: Renounce Religion, Berserk, Trog's Hand, Brothers in Arms


You were on level 3 of the Elven Halls.
You worshipped Trog.
Trog was exalted by your worship.
You visited 4 branches of the dungeon, and saw 26 of its levels.
You also visited: Ossuary.

You collected 3248 gold pieces.

Inventory:

Hand Weapons
 a - a +6 antimagic executioner's axe (weapon)
 b - a +5 executioner's axe of flaming
Missiles
 e - 94 poisoned darts (quivered)
 h - 9 javelins
Armour
 m - a +2 pair of boots (worn)
 y - a +2 pair of gloves (worn)
 D - a +2 cloak of willpower (worn)
 E - a +2 helmet (worn)
 K - a +3 plate armour of fire resistance
 R - quicksilver dragon scales (worn)
Jewellery
 f - an uncursed ring of ice
 i - a +4 ring of slaying
 j - an uncursed ring of fire
 u - the ring of Umar (left hand) {rF+ rC+}
   (You found it on level 12 of the Dungeon)

   [ring of protection from fire]

   It protects you from fire.
   It protects you from cold.
 G - a ring of poison resistance (right hand)
 P - an amulet of faith (around neck)
 V - the ring "Ibenn" {+Blink +Fly Str+8 Int-3 Slay-3}
   (You found it on level 15 of the Dungeon)

   [ring of flight]

   It affects your strength (+8).
   It affects your intelligence (-3).
   It affects your accuracy and damage with ranged weapons and melee attacks
   (-3).
   It lets you fly.
   It lets you blink.
 W - an uncursed ring of resist corrosion
Wands
 n - a wand of digging (31)
 p - a wand of paralysis (20)
 r - a wand of iceblast (8)
 t - a wand of acid (50)
 F - a wand of polymorph (17)
 S - a wand of flame (13)
 T - a wand of random effects (15)
 U - a wand of enslavement (10)
Scrolls
 g - 8 scrolls of remove curse
 l - a scroll of fog
 v - 3 scrolls of enchant armour
 A - 6 scrolls of blinking
 B - 11 scrolls of teleportation
 I - 4 scrolls of fear
 M - a scroll of holy word
 N - 8 scrolls of identify
 X - a scroll of brand weapon
Potions
 c - 8 potions of lignification
 d - 2 potions of flight
 k - 5 potions of might
 o - 10 potions of curing
 q - 5 potions of attraction
 s - 2 potions of ambrosia
 w - 6 potions of cancellation
 x - 2 potions of invisibility
 z - 4 potions of haste
 C - 7 potions of heal wounds
 H - 5 potions of berserk rage
 L - a potion of resistance
 O - 3 potions of mutation
Miscellaneous
 J - a tin of tremorstones (2/2)
 Q - a lightning rod (4/4)


   Skills:
 + Level 13.9 Fighting
 - Level 26.0 Axes
 * Level 13.1 Armour
 - Level 14.3 Dodging
 + Level 7.2 Evocations


You had 17 spell levels left.
You didn't know any spells.
Your spell library was empty.

Dungeon Overview and Level Annotations

Branches:
Dungeon (15/15)            Temple (0/1) D:5            Lair (6/6) D:11
 Shoals (0/4) Lair:2        Snake (0/4) Lair:2        Slime (0/5) Lair:6
    Orc (2/2) D:10            Elf (3/3) Orc:2        Vaults (0/5) D:13
 Depths (0/5) D:15        Ossuary (visited)

Altars:
Fedhas
Gozag
Okawaru
Qazlal
Trog
Uskayaw
Xom
Yredelemnul
Zin
The Shining One
Beogh
Jiyva
Lugonu

Shops:
D:14 }   Orc:2 :=[[(

Portals:
Abyss: Orc:1


Message History

The arrow hits you.
* * * LOW HITPOINT WARNING * * *
The deep elf annihilator gestures wildly while chanting.
The deep elf annihilator blinks!
The deep elf master archer shoots an arrow.
The arrow barely misses you.
You hear a shout! x2
You feel sick.
The deep elf annihilator casts a spell at you.
The poison arrow hits you!!
You are more poisoned.
You partially resist.
* * * LOW HITPOINT WARNING * * *
Unknown command.
You feel much better.
You feel sick.
The deep elf annihilator gestures at you while chanting.
The bolt of lightning hits you!!
* * * LOW HITPOINT WARNING * * *
The bolt of lightning hits you!
You die...

##e()....#
##)..)..##
#.(.))..#
#..(.)).##
#.)()....#
#.§)§§§..#
#)⌠§§§§§.#
#.(§§§§..####
#.§§#@§...e.#
##+##§...##.#
#....# .....#
....## .....#
....## .....#


You could see a deep elf annihilator.

Vanquished Creatures
  Rupert (Lair:5)
  2 deep elf blademasters
  Frances (D:12)
  Gastronok (Lair:2)
  A tengu reaver (D:15)
  2 fire giants (D:15)
  A deep elf sorcerer (Elf:3)
  An orc warlord (Orc:2)
  A deep elf elementalist (Elf:3)
  A stone giant (D:15)
  Nessos (D:13)
  3 deep elf demonologists
  3 deep elf annihilators
  Azrael (D:15)
  A deep elf death mage (Elf:1)
  2 ettins
  An ogre mage (D:15)
  A yaktaur captain (D:15)
  Fannar (D:10)
  2 great orbs of eyes (D:15)
  A deep elf high priest (Elf:1)
  11 hydras
  8 vault guards (D:13)
  3 boulder beetles (D:15)
  7 two-headed ogres
  A death knight (D:15)
  3 catoblepae
  5 tengu warriors
  2 centaur warriors
  A deep troll shaman (Lair:6)
  11 death yaks
  19 dancing weapons
  Urug (D:10)
  15 deep elf knights
  A fire crab (D:15)
  A fire crab (shapeshifter) (D:14)
  An unseen horror (D:13)
  A hell knight (D:15)
  5 skeletal warriors
  A glowing orange brain (D:15)
  5 lindwurms
  2 orc knights
  8 deep elf archers
  A wolf spider (D:15)
  35 deep elf magi
  6 cyclopes
  A salamander (shapeshifter) (D:14)
  3 ugly things
  3 orc sorcerers
  4 manticores
  A guardian serpent (shapeshifter) (D:15)
  3 black mambas
  A merfolk siren (Lair:2)
  17 elephants
  13 cane toads
  4 gargoyles
  3 torpor snails
  8 rime drakes
  2 yaktaurs (D:15)
  Maggie (D:10)
  3 kobold demonologists
  2 demonic crawlers (D:14)
  A freezing wraith (D:15)
  8 komodo dragons
  5 trolls
  A tengu conjurer (D:15)
  3 meliai (D:14)
  2 hornets (D:15)
  4 slime creatures
  2 polar bears (Lair:6)
  A meliai (shapeshifter) (Elf:1)
  17 blink frogs
  7 dream sheep (Lair:4)
  3 vampires
  3 shadows (D:15)
  3 wraiths
  A redback (D:15)
  6 wyverns
  2 air elementals
  65 yaks
  4 fire elementals
  Grum (D:11)
  12 vampire mosquitoes
  2 basilisks
  A basilisk (shapeshifter) (D:15)
  2 wargs (Orc:2)
  3 nagas (Lair:2)
  3 swamp worms (D:14)
  A soldier ant (D:14)
  4 hell hounds (D:15)
  A soldier ant (shapeshifter) (D:15)
  11 water moccasins
  3 acid dragons
  37 orc warriors
  A hornet zombie (D:12)
  3 sky beasts
  13 ogres
  A phantom (D:9)
  2 ice beasts
  An eye of draining (D:15)
  17 wolves
  2 black bears (D:12)
  4 centaurs
  8 big kobolds
  2 elf zombies (Ossuary)
  21 bullfrogs
  3 elf skeletons (D:6)
  2 earth elementals
  3 wyvern skeletons
  2 scorpions
  11 killer bees
  5 electric eels
  2 howler monkeys (D:7)
  5 centaur zombies
  A bullfrog zombie (D:11)
  2 hounds
  A quasit (D:9)
  A human zombie (Ossuary)
  6 jellies
  19 orc priests
  A bullfrog skeleton (D:4)
  3 centaur skeletons
  A human skeleton (D:6)
  4 iguanas
  22 orc wizards
  5 hell rats (Lair:6)
  14 worker ants
  2 big kobold zombies (Ossuary)
  3 hound skeletons
  2 mummies (Ossuary)
  A worker ant zombie (D:6)
  18 gnolls
  10 adders
  A howler monkey skeleton (D:4)
  4 shadow imps
  A white imp (D:3)
  3 ufetubi
  2 adder zombies
  An adder skeleton (D:9)
  3 leopard geckos
  87 orcs
  3 bat skeletons (D:2)
  6 giant cockroaches
  32 goblins
  30 hobgoblins
  9 jackals
  4 quokkas
  5 ball pythons
  10 bats
  5 frilled lizards
  A goblin zombie (Ossuary)
  10 hobgoblin zombies (Ossuary)
  28 kobolds
  11 kobold zombies (Ossuary)
  3 leopard gecko skeletons
  2 orc skeletons (D:6)
  6 orc zombies (Ossuary)
  7 rats
  2 lurking horrors (Orc:1)
971 creatures vanquished.

Vanquished Creatures (collateral kills)
  A deep elf master archer (Elf:3)
  A deep elf elementalist (Elf:3)
  2 deep elf annihilators (Elf:3)
  A deep elf death mage (Elf:3)
  A dancing weapon (Elf:3)
  A death yak (D:11)
  2 deep elf magi (Elf:3)
  An air elemental (Elf:3)
  A water elemental (Elf:3)
  A basilisk (D:11)
  A black bear (D:11)
13 creatures vanquished.

Vanquished Creatures (others)
  A deep elf archer (Elf:1)
  An air elemental (Elf:1)
  An orc (Orc:2)
  13 fungi
  24 plants
  9 toadstools (Lair:3)
49 creatures vanquished.

Grand Total: 1033 creatures vanquished

Notes
Turn   | Place    | Note
-------+----------+-------------------------------------------
     0 | D:1      | jejorda2 the Hill Orc Berserker began the quest for the
                  | Orb.
     0 | D:1      | Reached XP level 1. HP: 19/19 MP: 1/1
   240 | D:1      | Reached XP level 2. HP: 27/27 MP: 2/2
  1213 | D:2      | Found an iron altar of Okawaru.
  1222 | D:2      | Reached XP level 3. HP: 33/33 MP: 3/3
  1291 | D:2      | Reached skill level 5 in Axes
  1313 | D:2      | Reached ** piety under Trog
  1909 | D:2      | Found a glowing silver altar of Zin.
  1936 | D:2      | Reached XP level 4. HP: 38/40 MP: 4/4
  2802 | D:3      | Reached XP level 5. HP: 47/47 MP: 5/5
  2808 | D:3      | Reached skill level 6 in Axes
  3649 | D:4      | Reached skill level 5 in Fighting
  3649 | D:4      | Reached XP level 6. HP: 56/56 MP: 6/6
  3789 | D:4      | Reached skill level 7 in Axes
  3791 | D:4      | Reached *** piety under Trog
  3916 | D:4      | Found a blossoming altar of Fedhas.
  4477 | D:4      | Found a glowing golden altar of the Shining One.
  4686 | D:4      | Reached XP level 7. HP: 61/61 MP: 7/7
  4912 | D:4      | Reached **** piety under Trog
  4913 | D:4      | Reached skill level 8 in Axes
  5347 | D:5      | Entered Level 5 of the Dungeon
  5350 | D:5      | Found a staircase to the Ecumenical Temple.
  5429 | D:5      | Reached skill level 9 in Axes
  5429 | D:5      | Reached skill level 5 in Armour
  5644 | D:5      | Reached XP level 8. HP: 56/70 MP: 8/8
  5889 | D:5      | Noticed a two-headed ogre
  5901 | D:5      | Killed a two-headed ogre
  5902 | D:5      | Reached skill level 11 in Axes
  6470 | D:6      | Reached skill level 1 in Evocations
  6473 | D:6      | Found a sand-covered staircase.
  6481 | D:6      | Reached XP level 9. HP: 67/75 MP: 9/9
  6484 | Ossuary  | Entered an ossuary
  6575 | Ossuary  | Reached skill level 12 in Axes
  6590 | Ossuary  | Reached ***** piety under Trog
  7574 | D:7      | Received a gift from Trog
  7743 | D:7      | Reached skill level 13 in Axes
  8081 | D:7      | Reached skill level 14 in Axes
  8396 | D:7      | Found a stormy altar of Qazlal.
  8905 | D:8      | Found an opulent altar of Gozag.
  9100 | D:8      | Reached XP level 10. HP: 67/83 MP: 10/10
  9607 | D:9      | Reached skill level 15 in Axes
 10081 | D:9      | Found a shimmering altar of Xom.
 10334 | D:9      | Found a bloodstained altar of Trog.
 10486 | D:10     | Entered Level 10 of the Dungeon
 10488 | D:10     | Noticed Maggie
 10500 | D:10     | Killed Maggie
 10580 | D:10     | Noticed Urug
 10591 | D:10     | Killed Urug
 10592 | D:10     | Reached skill level 16 in Axes
 10671 | D:10     | Noticed Fannar
 10685 | D:10     | Killed Fannar
 10919 | D:10     | Reached XP level 11. HP: 87/89 MP: 11/11
 11135 | D:10     | Reached skill level 17 in Axes
 11286 | D:10     | Found a staircase to the Orcish Mines.
 11651 | D:11     | Found a staircase to the Lair.
 11651 | D:11     | Noticed a death yak
 11657 | D:11     | Killed a death yak
 11695 | D:11     | Noticed a red ugly thing
 11708 | D:11     | Killed a red ugly thing
 11726 | D:11     | Received a gift from Trog
 12045 | D:11     | Noticed Grum
 12052 | D:11     | Killed Grum
 12053 | D:11     | Reached skill level 18 in Axes
 12390 | D:11     | Noticed a five-headed hydra
 12397 | D:11     | Killed a one-headed hydra
 12400 | D:11     | Noticed a manticore
 12403 | D:11     | Noticed a cyclops
 12411 | D:11     | Killed a manticore
 12418 | D:11     | Killed a cyclops
 12528 | Lair:1   | Entered Level 1 of the Lair of Beasts
 12711 | Lair:1   | Reached skill level 19 in Axes
 12933 | Lair:1   | Noticed a seven-headed hydra
 12940 | Lair:1   | Killed a three-headed hydra
 13194 | Lair:1   | Reached XP level 12. HP: 93/96 MP: 12/12
 13425 | Lair:1   | Noticed an eight-headed hydra
 13432 | Lair:1   | Killed a five-headed hydra
 13433 | Lair:1   | Reached skill level 20 in Axes
 13967 | Lair:2   | Found a staircase to the Snake Pit.
 14153 | Lair:2   | Noticed Gastronok
 14168 | Lair:2   | Killed Gastronok
 14816 | Lair:2   | Found a staircase to the Shoals.
 15146 | Lair:3   | Noticed a seven-headed hydra
 15156 | Lair:3   | Killed a two-headed hydra
 15199 | Lair:3   | Noticed a six-headed hydra
 15207 | Lair:3   | Killed a four-headed hydra
 15208 | Lair:3   | Reached skill level 10 in Fighting
 15239 | Lair:3   | Noticed a catoblepas
 15259 | Lair:3   | Found a runed translucent door.
 15292 | Lair:3   | Noticed a six-headed hydra
 15303 | Lair:3   | Killed a one-headed hydra
 15304 | Lair:3   | Reached skill level 21 in Axes
 15383 | Lair:3   | Reached XP level 13. HP: 107/113 MP: 13/13
 15874 | Lair:3   | Received a gift from Trog
 16368 | Lair:4   | Reached skill level 22 in Axes
 16576 | Lair:4   | Got a fine morningstar
 16609 | Lair:4   | Reached skill level 23 in Axes
 17355 | Lair:4   | Reached XP level 14. HP: 59/121 MP: 14/14
 17616 | Lair:4   | Identified the +4 morningstar of Callousness {speed, rPois
                  | Int-4 Dex+4} (You found it on level 4 of the Lair of
                  | Beasts)
 18182 | Lair:4   | Reached skill level 24 in Axes
 18808 | Lair:5   | Reached skill level 10 in Armour
 19207 | Lair:5   | Noticed Rupert
 19217 | Lair:5   | Killed Rupert
 19267 | Lair:5   | Got a heavily runed helmet
 19277 | Lair:5   | Identified the +0 helmet "Golel" {Dex+4} (You found it on
                  | level 5 of the Lair of Beasts)
 19548 | Lair:6   | Entered Level 6 of the Lair of Beasts
 19717 | Lair:6   | Found a viscous altar of Jiyva.
 19721 | Lair:6   | Found a staircase to the Slime Pits.
 20490 | Lair:6   | Reached skill level 25 in Axes
 20504 | Lair:6   | Reached ****** piety under Trog
 20542 | Lair:6   | Received a gift from Trog
 20812 | Lair:6   | Identified the Grimoire of Enchanting Displacement
 21505 | D:12     | Reached XP level 15. HP: 126/126 MP: 5/15
 21807 | D:12     | Got a wavering pewter ring
 21809 | D:12     | Identified the ring of Umar {rF+ rC+} (You found it on
                  | level 12 of the Dungeon)
 21879 | D:12     | Noticed Frances
 21898 | D:12     | Killed Frances
 22371 | D:13     | Reached skill level 26 in Axes
 22603 | D:13     | Noticed Nessos
 22617 | D:13     | Killed Nessos
 22617 | D:13     | Received a gift from Trog
 22874 | D:13     | Reached skill level 5 in Dodging
 23301 | D:13     | Found a gate to the Vaults.
 24565 | D:14     | Found Ushric's Gadget Shoppe.
 24707 | D:15     | Entered Level 15 of the Dungeon
 24716 | D:15     | Received a gift from Trog
 24907 | D:15     | Noticed Azrael
 24914 | D:15     | Reached XP level 16. HP: 102/138 MP: 16/16
 24922 | D:15     | Killed Azrael
 25103 | D:15     | Found a hide-covered altar of Uskayaw.
 25111 | D:15     | Found a shimmering altar of Xom.
 25111 | D:15     | Found a basalt altar of Yredelemnul.
 25179 | D:15     | Reached skill level 5 in Evocations
 25202 | D:15     | Noticed a tengu reaver
 25224 | D:15     | Killed a tengu reaver
 26192 | D:15     | Got a shimmering bone ring
 26216 | D:15     | Identified the ring "Ibenn" {+Blink +Fly Str+8 Int-3
                  | Slay-3} (You found it on level 15 of the Dungeon)
 26379 | D:15     | Received a gift from Trog
 27760 | D:15     | Found a staircase to the Depths.
 28098 | Orc:1    | Entered Level 1 of the Orcish Mines
 28542 | Orc:1    | Found a one-way gate to the infinite horrors of the Abyss.
 28543 | Orc:1    | Found a corrupted altar of Lugonu.
 28735 | Orc:2    | Entered Level 2 of the Orcish Mines
 28735 | Orc:2    | Found Bips's Jewellery Boutique.
 28741 | Orc:2    | Received a gift from Trog
 29042 | Orc:2    | Found a roughly hewn altar of Beogh.
 29080 | Orc:2    | Received a gift from Trog
 29342 | Orc:2    | Found a roughly hewn altar of Beogh.
 29450 | Orc:2    | Found a roughly hewn altar of Beogh.
 29532 | Orc:2    | Found a staircase to the Elven Halls.
 29647 | Orc:2    | Found a roughly hewn altar of Beogh.
 29716 | Orc:2    | Found a roughly hewn altar of Beogh.
 29757 | Orc:2    | Found a roughly hewn altar of Beogh.
 29759 | Orc:2    | Found Yneloymm's Antique Armour Boutique.
 29782 | Orc:2    | Found a roughly hewn altar of Beogh.
 29863 | Orc:2    | Found Bashuobb's Antique Weapon Emporium.
 29867 | Orc:2    | Found a roughly hewn altar of Beogh.
 29868 | Orc:2    | Found Veotul's Antique Armour Shoppe.
 29979 | Orc:2    | Found Enoba's Book Shop.
 30136 | Orc:1    | Found a roughly hewn altar of Beogh.
 30254 | Elf:1    | Entered Level 1 of the Elven Halls
 30368 | Elf:1    | Reached XP level 17. HP: 151/151 MP: 5/17
 30382 | Elf:1    | Reached skill level 10 in Dodging
 30625 | Elf:1    | Received a gift from Trog
 32640 | Elf:2    | Found a runed translucent gate.
 32640 | Elf:2    | Found a runed translucent gate.
 32641 | Elf:2    | Found a runed translucent gate.
 33286 | Elf:2    | Received a gift from Trog
 33870 | Elf:2    | Noticed a deep elf blademaster
 33891 | Elf:2    | Killed a deep elf blademaster
 34273 | Elf:3    | Entered Level 3 of the Elven Halls
 34274 | Elf:3    | Noticed a deep elf blademaster
 34275 | Elf:3    | Noticed a Brimstone Fiend
 34279 | Elf:3    | Reached XP level 18. HP: 159/159 MP: 6/18
 34281 | Elf:3    | Killed a deep elf blademaster
 34287 | Elf:3    | Received a gift from Trog
 34301 | Elf:3    | Noticed a deep elf master archer
 34305 | Elf:3    | Noticed a deep elf master archer
 34308 | Elf:3    | Killed a deep elf master archer
 34314 | Elf:3    | HP: 6/159 [deep elf annihilator/bolt of lightning (28)]
 34314 | Elf:3    | Killed from afar by a deep elf annihilator

Illustrated notes

Levels and vault maps discovered:
D:1:      lemuel_arrival_tunnels, layout_loops_corners, serial_park_tiny_pond
D:2:      layout_loops_ring, nicolae_overflow_crystal_walls,
          lemuel_crystal_altar, serial_undead, serial_undead_d, serial_undead_e,
          serial_undead_d, serial_undead_a, serial_undead_c, serial_undead_e
D:3:      layout_loops_ring, solitary_fountain
D:4:      minmay_goblin_kobold_castle, layout_loops_ring, fedhas_altar_1,
          tso_altar
D:5:      layout_loops_corners, minmay_temple_entry_overgrown
D:6:      layout_loops_ring, nicolae_ossuary_entry_catacombs
D:7:      layout_basic, basic_altar, grunt_decor_fettered, minmay_crystal_water
D:8:      layout_basic, general_overflow_altar
D:9:      layout_roguey, lemuel_doored_altar, overflow_temple_1_default
D:10:     layout_long_grid, orc_0_dummy, chequers_mini_garden, uniq_fannar,
          uniq_urug, uniq_maggie
D:11:     layout_gridville, david_lair_generic, uniq_grum
D:12:     layout_roguey, uniq_frances
D:13:     layout_long_grid, erik_vaults_2, serial_park_tiny_pond, uniq_nessos
D:14:     layout_loops_ring, serial_shops, shop, minmay_misc_feat_tower,
          worms_lemuel
D:15:     hangedman_slaughterboxes, uniq_azrael
Lair:1:   layout_cave_pods
Lair:2:   layout_hall_layers, elwin_shoals_entry_rooms,
          minmay_snake_entry_guardpost_small, serial_bayou_shore_a,
          uniq_gastronok
Lair:3:   gammafunk_lair_enchanted_lake, layout_chaotic_city,
          infiniplex_staircase_pool
Lair:4:   layout_cave_pods, minmay_lindwurm_lava, grunt_megastairs_3
Lair:5:   layout_gridlike, grunt_megastairs_1, lemuel_fruit_tree, uniq_rupert
Lair:6:   grunt_lair_end_beastmaster, layout_long_grid, slime_altar_1
Orc:1:    layout_diamond_mine, basic_altar, amcnicky_altar_lugonu_corruption
Orc:2:    grunt_orc_community_town_hall, layout_diamond_mine,
          grunt_orc_community_big_house_1, grunt_orc_community_big_house_2,
          grunt_orc_community_house_1, grunt_orc_community_house_1,
          grunt_orc_community_house_3, grunt_orc_community_house_2,
          grunt_orc_community_house_3, grunt_orc_community_house_2,
          serial_shops, shop
Elf:1:    layout_geoelf_octagon, kennysheep_underground_church,
          grunt_megastairs_4
Elf:2:    layout_onion_city
Elf:3:    grunt_elf_hall_spiral, layout_geoelf_grid, basic_altar

Skill      XL: |  1  2  3  4  5  6  7  8  9 10 11 12 13 14 15 16 17 18 |
---------------+-------------------------------------------------------+-----
Fighting       | 4 5 6 10 11 13 | 13.9
Axes           | 5 6 7 9 11 14 16 19 21 23 25 26 | 26.0
Armour         | 3 4 5 6 8 9 11 12 13 | 13.1
Evocations     | 1 3 4 6 7 |  7.2
Dodging        | 6 9 14 | 14.3

Action                   |  1- 3 |  4- 6 |  7- 9 | 10-12 | 13-15 | 16-18 || total
-------------------------+-------+-------+-------+-------+-------+-------++-------
Melee: Hand axe          |   131 |   185 |   287 |       |       |       ||   603
       Battleaxe         |       |       |   152 |   369 |   349 |       ||   870
       Executioner's axe |       |       |       |     6 |   361 |   768 ||  1135
Throw: Dart              |       |       |     4 |       |       |    27 ||    31
Invok: Berserk           |     1 |     2 |     3 |     4 |     4 |     5 ||    19
       Trog's Hand       |       |       |       |     4 |     3 |     3 ||    10
       Brothers in Arms  |       |       |       |     1 |     3 |     2 ||     6
Evoke: Wand              |       |       |       |     5 |     2 |     3 ||    10
       Tin of tremorston |       |       |       |       |       |     2 ||     2
  Use: Scroll            |       |       |    20 |    10 |    13 |     4 ||    47
       Potion            |       |       |       |     1 |     1 |     2 ||     4
 Stab: Sleeping          |     1 |       |       |       |       |       ||     1
       Paralysed         |       |       |       |     3 |       |       ||     3
       Distracted        |       |       |       |     1 |       |     1 ||     2
       Petrified         |       |       |       |       |     8 |       ||     8
       Petrifying        |       |       |       |       |     2 |       ||     2
Armor: Animal skin       |    19 |       |       |       |       |       ||    19
       Leather armour    |    29 |    22 |       |       |       |       ||    51
       Chain mail        |       |    77 |   176 |       |       |       ||   253
       Plate armour      |       |       |    43 |   222 |   289 |       ||   554
       Quicksilver drago |       |       |       |       |   176 |   312 ||   488
Dodge: Dodged            |   106 |    98 |   154 |    96 |   325 |   388 ||  1167
Block: Other             |       |       |       |    23 |       |       ||    23
